 Dungeon Sprint DCSS version 0.29-a0-337-g68df138881 (webtiles) character file.

Game seed: 3731568823998600982

185375 mhtbhm the Conqueror (level 16, -4/178 HPs)
             Began as a Palentonga Berserker on Apr 16, 2022.
             Was the Champion of Trog.
             Killed from afar by a frost giant (32 damage)
             ... with a bolt of cold
             ... in the Dungeon (Sprint IX: "|||||||||||||||||||||||||||||").
             The game lasted 00:17:55 (12076 turns).

mhtbhm the Conqueror (Palentonga Berserker)        Turns: 12076, Time: 00:17:56

Health: -4/178     AC: 30    Str: 37    XL:     16   Next: 32%
Magic:  16/16      EV: 16    Int:  8    God:    Trog [******]
Gold:   932        SH:  5    Dex: 10    Spells: 15/15 levels left

rFire   + . .      SeeInvis +   a - +5 great mace (vorpal)
rCold   . . .      Faith    .   (shield currently unavailable)
rNeg    . . .      Spirit   .   b - +2 chain mail {rF+}
rPois   .          Reflect  +   k - +1 helmet
rElec   .          Harm     .   t - +0 cloak
rCorr   .          Rampage  .   m - +0 pair of gloves {Str+3}
Will    +....      NoTele   +   (no barding)
Stlth   ..........              K - amulet of reflection
HPRegen 0.39/turn               I - +6 ring of strength
MPRegen 0.15/turn               J - +4 ring of evasion

@: on berserk cooldown, slowed, curled up, very slow
A: large, rugged brown scales 3, see invisible, deformed body, roll 1, armoured
tail, reflexive curl
}: 4/17 runes: decaying, serpentine, barnacled, gossamer
a: Rolling Charge, Renounce Religion, Berserk, Trog's Hand, Brothers in Arms


You were in the Dungeon.
You worshipped Trog.
Trog was exalted by your worship.
You visited 1 branch You collected 1940 gold pieces.
You spent 1008 gold pieces at shops.

Inventory:

Hand Weapons
 a - a +5 vorpal great mace (weapon)
 D - a +7 eveningstar of flaming
 E - the +12 dire flail of Qill {antimagic, Fly rPois Will- rCorr}
   (Trog gifted it to you in the Dungeon)

   It reduces the magical energy of the wielder, and disrupts the spells and
   magical abilities of those it strikes.
   Natural abilities and divine invocations are not affected.
   rPois:     It protects you from poison.
   Fly:       It grants you flight.
   rCorr:     It protects you from acid and corrosion.
   Will:      It decreases your willpower.
 F - a +2 triple sword of holy wrath
 G - the +7 morningstar "Meliniu" {flame, SInv}
   (Trog gifted it to you in the Dungeon)

   It burns those it strikes, dealing additional fire damage.
   SInv:      It lets you see invisible.
Missiles
 u - 2 throwing nets (quivered)
 B - 2 curare-tipped darts
 H - 2 javelins
 L - 5 silver javelins
Armour
 b - a +2 chain mail of fire resistance (worn)
 k - a +1 helmet (worn)
 l - a +3 tower shield
 m - a +0 pair of gloves of strength (worn)
 t - a +0 cloak (worn)
Jewellery
 s - a ring of willpower
 x - a +2 ring of slaying
 z - a ring of protection from fire
 A - a ring of protection from cold
 I - a +6 ring of strength (left hand)
 J - a +4 ring of evasion (right hand)
 K - an amulet of reflection (around neck)
Wands
 j - a wand of iceblast (20)
Scrolls
 h - 4 scrolls of blinking
 p - 6 scrolls of fog
 q - 8 scrolls of enchant weapon
 r - 4 scrolls of enchant armour
 y - 2 scrolls of identify
 C - a scroll of fear
Potions
 c - a potion of curing
 d - 3 potions of heal wounds
 e - 5 potions of haste
 f - 4 potions of magic
 g - 3 potions of berserk rage
 i - a potion of invisibility
 n - 8 potions of might
 o - 2 potions of mutation
 v - a potion of attraction {unknown}
 w - a potion of resistance


   Skills:
 O Level 27 Fighting
 O Level 27 Maces & Flails
 * Level 4.7 Throwing
 + Level 20.3 Armour
 + Level 16.0 Dodging
 + Level 5.6 Stealth
 + Level 10.6 Shields
 + Level 4.7 Evocations


You had 15 spell levels left.
You didn't know any spells.
Your spell library was empty.

Dungeon Overview and Level Annotations

Branches:
Dungeon (1/1)

Altars:
Cheibriados
Dithmenos
Elyvilon
Fedhas
Gozag
Hepliaklqana
Kikubaaqudgha
Makhleb
Nemelex Xobeh
Okawaru
Qazlal
Ru
Sif Muna
Trog
Uskayaw
Vehumet
Wu Jian
Xom
Yredelemnul
Zin
The Shining One
Beogh
Jiyva
Lugonu

Shops:
D =*(!


Innate Abilities, Weirdness & Mutations

You are completely covered in rugged brown scales. (AC +3, +7% HP)
You have supernaturally acute eyesight. (SInv)
Armour fits poorly on your strangely shaped body.
You can roll at nearby foes to attack.
You have a long armoured tail.
You curl defensively after being hit. (AC +7*)


Message History

You kill the vault warden!
Trog accepts your kill.
Trog appreciates your killing of a magic user.
The runic seal fades away.
You hit the frost giant.
The frost giant is lightly wounded.
The frost giant casts a spell at you. The bolt of cold hits you!!
You hit the frost giant. You tail-slap the frost giant.
The frost giant is lightly wounded.
The deep elf high priest mumbles some strange prayers to its god.
The deep elf high priest begins emitting a brilliant aura!
The vault sentinel is empowered by the deep elf high priest's aura!
The frost giant is empowered by the deep elf high priest's aura!
The frost giant casts a spell at you. The bolt of cold misses you.
Your stone giant goes berserk!
The frost giant hits you with a +0 battleaxe of freezing!!
The frost giant freezes you!
The vault sentinel blows a loud note on a signal horn!
The frost giant hits you with a +0 battleaxe of freezing!
The frost giant freezes you.
Unknown command.
You hit the frost giant. You tail-slap the frost giant!
The frost giant is moderately wounded.
The frost giant points at you and mumbles some strange words.
The bolt of cold hits you!!
* * * LOW HITPOINT WARNING * * *
The bolt of cold hits your stone giant!!!
You barely miss the frost giant.
The frost giant is moderately wounded.
The deep elf high priest mumbles some strange prayers to its god against you.
Something smites you!
* * * LOW HITPOINT WARNING * * *
The frost giant hits you but does no damage.
You crush the frost giant like a grape!!!
The frost giant is almost dead.
The frost giant casts a spell at you. The bolt of cold hits you!!
You die...

.▓.▓.▓.▓.▓.▓.▓.▓,*,*,*,*,*,*,*,*,
.▓.▓.▓.▓.▓.▓.▓.▓)▓,*,*,*,*,*,*,*,
)▓.▓.▓.▓.▓.▓.▓.▓e▓,*,*,*,*,*,*,*,
'▓.▓.▓.▓.▓.▓.▓.▓D▓,*,*,*,*,*,*,*,
.▓.▓.▓.▓.▓.▓.▓.▓C▓,*,*,*,*,*,*,*,
.▓.▓.▓.▓!▓.▓.▓.▓p▓,*,*,*+*,*,*,*,
.▓.▓.▓.▓.▓.▓.▓.▓D▓,*,*,*,*,*,*,*+
.▓.▓)▓.▓.▓.▓.▓.▓C▓,*,*,*,*,*,*,*,
.▓.▓)▓.▓.▓.▓.▓.▓@▓,*,*,*,*,*,*,*,
.▓.▓.▓.▓.▓.▓.▓.▓C▓,*,*,*,*,*,*,*,
)▓.▓.▓.▓.▓.▓.▓.▓)▓,*,*,*,*,*,*,*,
)▓.▓.▓.▓.▓.▓)▓.▓)▓,*,*,*,*,*,*,*,
)▓.▓)▓.▓[▓.▓.▓.▓+▓,*,*,*,*,*,*,*,
'▓.▓.▓)▓[▓.▓'▓.▓.▓,*,*,*,*,*+*,*,
[♣.▓)▓)▓[▓.♣)♣.▓.▓,*,*,*+*,*,*,*,
.♣.▓.▓[▓[▓.♣.♣.▓.▓,*,*,*,*,*+*,*,
.♣.▓.▓.▓[▓.♣.♣.▓.▓,*,*,*,*,*,*,*,


You could see 2 shadow dragons, a frost giant (empowered, ally target), an
ettin, a vault sentinel (empowered, catching breath), a deep elf high priest
(brilliance aura) and a friendly stone giant (summoned, berserk).

Vanquished Creatures
  Boris (D)
  Frederick (D)
  Rupert (D)
  An Orb Guardian (D)
  Agnes (D)
  A sphinx (D)
  2 shadow dragons (D)
  2 tengu reavers (D)
  8 nagarajas (D)
  A fire giant (D)
  2 frost giants (D)
  2 emperor scorpions (D)
  A ghost moth (D)
  A vault warden (D)
  3 ironbound preservers (D)
  2 very ugly things (D)
  A broodmother (D)
  4 stone giants (D)
  2 ironbound thunderhulks (D)
  2 entropy weavers (D)
  An ettin (D)
  2 merfolk javelineers (D)
  3 fire dragons (D)
  4 merfolk impalers (D)
  2 yaktaur captains (D)
  2 great orbs of eyes (D)
  An ice dragon (D)
  21 vault guards (D)
  A rakshasa (D)
  Harold (D)
  A jorogumo (D)
  11 hydras (D)
  3 merfolk aquamancers (D)
  An ogre mage (D)
  A ghost crab (D)
  2 boulder beetles (D)
  A catoblepas (D)
  2 centaur warriors (D)
  A naga warrior (D)
  A deep troll shaman (D)
  2 deep troll earth magi (D)
  2 alligators (D)
  Sonja (D)
  An orc high priest (D)
  Nergalle (D)
  A pharaoh ant (D)
  2 sea snakes (D)
  5 deep trolls (D)
  A flayed ghost (D)
  6 lindwurms (D)
  A naga ritualist (D)
  A wizard (D)
  5 swamp dragons (D)
  A bog body (D)
  A deep elf pyromancer (D)
  2 ironbound convokers (D)
  An orc knight (D)
  2 glowing orange brains (D)
  A mana viper (shapeshifter) (D)
  A moth of wrath (D)
  A manticore (D)
  2 black mambas (D)
  An elephant (D)
  A merfolk siren (D)
  4 guardian serpents (D)
  Joseph (D)
  3 vault sentinels (D)
  3 naga magi (D)
  A torpor snail (D)
  A cane toad (D)
  Psyche (D)
  A komodo dragon (D)
  A yaktaur (D)
  A demonic crawler (D)
  A guardian mummy (D)
  2 meliai (D)
  2 merfolk (D)
  A polar bear (D)
  7 trolls (D)
  A tarantella (D)
  A tyrant leech (D)
  2 slime creatures (D)
  2 snapping turtles (D)
  3 jumping spiders (D)
  A shadow (D)
  A wraith (D)
  Eustachio (D)
  A wyvern (D)
  A yak (D)
  A steam dragon (D)
  4 redbacks (D)
  A vampire mosquito (D)
  3 nagas (D)
  4 water moccasins (D)
  7 orc warriors (D)
  A swamp drake (D)
  A black bear (D)
  2 bullfrogs (D)
  2 wights (D)
  An orc priest (D)
  2 hounds (D)
  3 orc wizards (D)
  An adder (D)
  5 worms (D)
  4 orcs (D)
  2 hobgoblins (D)
  A jackal (D)
  A ball python (D)
  A rat (D)
235 creatures vanquished.

Vanquished Creatures (collateral kills)
  A sphinx (D)
  Ilsuiw (D)
  An ironbound preserver (D)
  A fire dragon (D)
  A merfolk javelineer (D)
  4 vault guards (D)
  An ice dragon (D)
  2 boulder beetles (D)
  A merfolk avatar (D)
  2 merfolk aquamancers (D)
  A spriggan berserker (D)
  An orc knight (D)
  An orc sorcerer (D)
  An ugly thing (D)
  A black mamba (D)
  A vault sentinel (D)
  A demonic crawler (D)
  A freezing wraith (D)
  A komodo dragon (D)
  2 redbacks (D)
  4 orc warriors (D)
  A bullfrog (D)
  3 orc priests (D)
  2 orcs (D)
  A quokka simulacrum (D)
37 creatures vanquished.

Vanquished Creatures (others)
  An ice dragon (D)
  A goliath frog (D)
2 creatures vanquished.

Grand Total: 274 creatures vanquished

Notes
Turn   | Place    | Note
-------+----------+-------------------------------------------
     0 | D        | mhtbhm the Palentonga Berserker began the quest for the
                  | Orb.
     0 | D        | Reached XP level 1. HP: 19/19 MP: 1/1
    13 | D        | Reached ** piety under Trog
   123 | D        | Noticed a hound
   123 | D        | Noticed a hound
   123 | D        | Noticed a black bear
   133 | D        | Reached *** piety under Trog
   134 | D        | Reached XP level 2. HP: 25/26 MP: 2/2
   138 | D        | Killed a black bear
   139 | D        | Reached XP level 3. HP: 24/36 MP: 3/3
   139 | D        | Reached XP level 4. HP: 28/42 MP: 4/4
   147 | D        | Reached XP level 5. HP: 18/50 MP: 5/5
   167 | D        | Found a snail-covered altar of Cheibriados.
   167 | D        | Found a shadowy altar of Dithmenos.
   167 | D        | Found a white marble altar of Elyvilon.
   167 | D        | Found a blossoming altar of Fedhas.
   167 | D        | Found an opulent altar of Gozag.
   168 | D        | Found a hazy altar of Hepliaklqana.
   169 | D        | Found a viscous altar of Jiyva.
   170 | D        | Found an ancient bone altar of Kikubaaqudgha.
   171 | D        | Found a corrupted altar of Lugonu.
   172 | D        | Found a burning altar of Makhleb.
   173 | D        | Found a sparkling altar of Nemelex Xobeh.
   174 | D        | Found an iron altar of Okawaru.
   175 | D        | Found a stormy altar of Qazlal.
   176 | D        | Found a sacrificial altar of Ru.
   177 | D        | Found a shimmering blue altar of Sif Muna.
   178 | D        | Found a bloodstained altar of Trog.
   179 | D        | Found a hide-covered altar of Uskayaw.
   180 | D        | Found a radiant altar of Vehumet.
   181 | D        | Found an ornate altar of the Wu Jian Council.
   182 | D        | Found a shimmering altar of Xom.
   183 | D        | Found a basalt altar of Yredelemnul.
   184 | D        | Found a glowing silver altar of Zin.
   185 | D        | Found a glowing golden altar of the Shining One.
   335 | D        | Noticed a wraith
   335 | D        | Noticed an orc warrior
   335 | D        | Noticed a shadow
   335 | D        | Noticed an orc warrior
   340 | D        | Killed an orc warrior
   340 | D        | Reached **** piety under Trog
   343 | D        | Reached XP level 6. HP: 45/59 MP: 6/6
   344 | D        | Killed a shadow
   345 | D        | Reached skill level 10 in Maces & Flails
   345 | D        | Reached skill level 5 in Dodging
   348 | D        | Killed an orc warrior
   349 | D        | Gained mutation: You curl defensively after being hit. (AC
                  | +7*) [Palentonga growth]
   349 | D        | Reached XP level 7. HP: 31/68 MP: 7/7
   351 | D        | Killed a wraith
   351 | D        | Reached ***** piety under Trog
   574 | D        | Noticed a boulder beetle
   574 | D        | Noticed a red ugly thing
   574 | D        | Noticed a vampire mosquito
   574 | D        | Noticed an eight-headed hydra
   574 | D        | Noticed a boulder beetle
   574 | D        | Noticed a deep elf pyromancer
   575 | D        | Noticed a fire elemental
   583 | D        | Killed a deep elf pyromancer
   584 | D        | Reached skill level 10 in Fighting
   584 | D        | Reached skill level 5 in Armour
   584 | D        | Reached XP level 8. HP: 61/79 MP: 8/8
   758 | D        | Killed a boulder beetle
   762 | D        | Killed an eight-headed hydra
   763 | D        | Reached XP level 9. HP: 48/87 MP: 9/9
   767 | D        | Killed a red ugly thing
   768 | D        | Killed a boulder beetle
   769 | D        | Reached skill level 15 in Maces & Flails
  1113 | D        | Noticed a cane toad
  1113 | D        | Noticed a komodo dragon
  1117 | D        | Received a gift from Trog
  1118 | D        | Reached skill level 1 in Stealth
  1121 | D        | Killed a komodo dragon
  1122 | D        | Reached XP level 10. HP: 98/98 MP: 10/10
  1123 | D        | Killed a cane toad
  1212 | D        | Noticed a black mamba
  1212 | D        | Noticed a catoblepas
  1215 | D        | Noticed an elephant
  1218 | D        | Noticed a torpor snail
  1228 | D        | Killed a catoblepas
  1242 | D        | Killed a black mamba
  1678 | D        | Killed an elephant
  1695 | D        | Killed a torpor snail
  1695 | D        | Reached ****** piety under Trog
  1996 | D        | Noticed a lindwurm
  1996 | D        | Noticed a lindwurm
  2006 | D        | Killed a lindwurm
  2006 | D        | Received a gift from Trog
  2206 | D        | Noticed a lindwurm
  2212 | D        | Killed a lindwurm
  2213 | D        | Reached XP level 11. HP: 105/107 MP: 11/11
  2223 | D        | Killed a lindwurm
  2346 | D        | Noticed Harold
  2354 | D        | Killed Harold
  2464 | D        | Noticed Joseph
  2476 | D        | Killed Joseph
  2477 | D        | Reached skill level 10 in Armour
  2626 | D        | Received a gift from Trog
  2637 | D        | Received a gift from Trog
  2645 | D        | HP: 3/108 [orc priest/divine providence (17)]
  2971 | D        | Noticed an orc knight
  2971 | D        | Noticed an orc high priest
  2971 | D        | Noticed an orc knight
  2978 | D        | Reached skill level 15 in Fighting
  2984 | D        | Killed an orc knight
  2988 | D        | Killed an orc high priest
  2996 | D        | Killed an orc knight
  2996 | D        | Received a gift from Trog
  3002 | D        | Noticed an orc sorcerer
  3005 | D        | Killed an orc sorcerer
  3292 | D        | Found Exajugut's Distillery.
  3292 | D        | Noticed an ogre mage
  3292 | D        | Noticed a deep troll
  3292 | D        | Noticed a deep troll
  3297 | D        | Killed a deep troll
  3300 | D        | Killed an ogre mage
  3300 | D        | Received a gift from Trog
  3301 | D        | Found Qeumeu's Antique Weapon Shop.
  3311 | D        | Killed a deep troll
  3312 | D        | Found Doatiolu's General Store.
  3662 | D        | Found Fishofum's Jewellery Shop.
  3664 | D        | Noticed a deep troll
  3665 | D        | Noticed a deep troll
  3667 | D        | Noticed a deep troll
  3671 | D        | Killed a deep troll
  3672 | D        | Reached XP level 12. HP: 120/120 MP: 4/12
  3682 | D        | Received a gift from Trog
  3717 | D        | Bought a +2 pair of gloves for 198 gold pieces
  3725 | D        | Bought a potion of haste for 120 gold pieces
  3725 | D        | Bought a potion of haste for 120 gold pieces
  3725 | D        | Bought 2 potions of might for 96 gold pieces
  3725 | D        | Bought a potion of heal wounds for 60 gold pieces
  3725 | D        | Bought a potion of might for 48 gold pieces
  3725 | D        | Bought a potion of curing for 36 gold pieces
  3725 | D        | Bought a potion of mutation for 96 gold pieces
  3731 | D        | Bought a scroll of magic mapping for 42 gold pieces
  3731 | D        | Bought a scroll of fog for 24 gold pieces
  3731 | D        | Bought a wand of iceblast (6) for 120 gold pieces
  3731 | D        | Bought a scroll of identify for 24 gold pieces
  3731 | D        | Bought a scroll of identify for 24 gold pieces
  3809 | D        | Noticed Sonja
  3813 | D        | Killed Sonja
  3815 | D        | Noticed Psyche
  3823 | D        | Killed Psyche
  4076 | D        | Noticed a boulder beetle
  4076 | D        | Noticed a centaur warrior
  4076 | D        | Noticed a fire dragon
  4082 | D        | Killed a fire dragon
  4088 | D        | Noticed a boulder beetle
  4090 | D        | Received a gift from Trog
  4092 | D        | Noticed a death yak
  4093 | D        | Killed a centaur warrior
  4094 | D        | Reached skill level 10 in Dodging
  4094 | D        | Noticed a fire dragon
  4097 | D        | Killed a boulder beetle
  4098 | D        | Reached skill level 1 in Evocations
  4106 | D        | Noticed an ice dragon
  4109 | D        | Killed a boulder beetle
  4111 | D        | Noticed a sphinx
  4121 | D        | Killed a fire dragon
  4121 | D        | Received a gift from Trog
  4124 | D        | Killed an ice dragon
  4128 | D        | Killed a sphinx
  4180 | D        | Noticed a deep troll earth mage
  4180 | D        | Noticed a tengu reaver
  4191 | D        | Killed a tengu reaver
  4193 | D        | Killed a deep troll earth mage
  4193 | D        | Received a gift from Trog
  4524 | D        | Noticed a red very ugly thing
  4537 | D        | Killed a red very ugly thing
  4721 | D        | Noticed Nergalle
  4725 | D        | Noticed Eustachio
  4726 | D        | Killed Nergalle
  4736 | D        | Killed Eustachio
  4763 | D        | Noticed a nagaraja
  4770 | D        | Reached XP level 13. HP: 135/135 MP: 4/13
  4776 | D        | Killed a nagaraja
  4784 | D        | Identified the +12 dire flail of Qill {antimagic, Fly rPois
                  | Will- rCorr} (Trog gifted it to you in the Dungeon)
  4784 | D        | Received a gift from Trog
  5024 | D        | Received a gift from Trog
  5035 | D        | Reached skill level 5 in Stealth
  5235 | D        | Received a gift from Trog
  5512 | D        | Received a gift from Trog
  5672 | D        | Noticed an entropy weaver
  5672 | D        | Noticed a broodmother
  5677 | D        | Killed a broodmother
  5683 | D        | Killed an entropy weaver
  5988 | D        | Received a gift from Trog
  6116 | D        | Noticed Rupert
  6123 | D        | Paralysed by Rupert for 4 turns
  6132 | D        | Killed Rupert
  6505 | D        | Noticed a frost giant
  6505 | D        | Noticed a fire giant
  6505 | D        | Noticed a cyan very ugly thing
  6513 | D        | Killed a cyan very ugly thing
  6516 | D        | Noticed a frost giant
  6516 | D        | Noticed a stone giant
  6521 | D        | Killed a fire giant
  6521 | D        | Received a gift from Trog
  6525 | D        | Killed a frost giant
  6531 | D        | Noticed a fire dragon
  6534 | D        | Reached XP level 14. HP: 106/153 MP: 14/14
  6739 | D        | Killed a frost giant
  6739 | D        | Received a gift from Trog
  6742 | D        | Killed a stone giant
  6746 | D        | Noticed a shadow dragon
  6983 | D        | Killed a shadow dragon
  6984 | D        | Noticed a stone giant
  7008 | D        | Killed a stone giant
  7008 | D        | Received a gift from Trog
  7567 | D        | Noticed an ironbound thunderhulk
  7567 | D        | Noticed an ironbound preserver
  7573 | D        | Killed an ironbound preserver
  7574 | D        | Noticed an ironbound preserver
  7592 | D        | HP: 7/156 [ironbound thunderhulk/+0 dire flail (28)]
  7593 | D        | Killed an ironbound preserver
  7593 | D        | Identified the +7 morningstar "Meliniu" {flame, SInv} (Trog
                  | gifted it to you in the Dungeon)
  7593 | D        | Received a gift from Trog
  7594 | D        | Killed an ironbound thunderhulk
  7817 | D        | Received a gift from Trog
  8150 | D        | Received a gift from Trog
  8189 | D        | Noticed an Orb Guardian
  8189 | D        | Noticed a nagaraja
  8192 | D        | Killed an Orb Guardian
  8193 | D        | Reached skill level 15 in Armour
  8203 | D        | Killed a nagaraja
  8203 | D        | Received a gift from Trog
  8229 | D        | Noticed an ironbound preserver
  8356 | D        | Killed an ironbound preserver
  8642 | D        | Noticed an ironbound preserver
  8652 | D        | Killed an ironbound preserver
  8653 | D        | Noticed an ironbound thunderhulk
  8664 | D        | Killed an ironbound thunderhulk
  8901 | D        | Noticed Frederick
  8906 | D        | Noticed Boris
  8912 | D        | Killed Frederick
  8912 | D        | Received a gift from Trog
  8923 | D        | Killed Boris
  9346 | D        | Noticed Ilsuiw
  9350 | D        | Reached XP level 15. HP: 166/166 MP: 15/15
  9355 | D        | Received a gift from Trog
  9370 | D        | Killed Ilsuiw
  9376 | D        | Received a gift from Trog
  9405 | D        | Received a gift from Trog
  9930 | D        | Got a barnacled rune of Zot
 10018 | D        | Reached skill level 1 in Shields
 10024 | D        | Received a gift from Trog
 10032 | D        | Reached skill level 1 in Throwing
 10037 | D        | Reached skill level 27 in Fighting
 10061 | D        | Got a decaying rune of Zot
 10408 | D        | Noticed an emperor scorpion
 10414 | D        | Received a gift from Trog
 10419 | D        | Noticed an emperor scorpion
 10427 | D        | Killed an emperor scorpion
 10442 | D        | Killed an emperor scorpion
 10442 | D        | Received a gift from Trog
 10534 | D        | Got a gossamer rune of Zot
 10785 | D        | Noticed a nagaraja
 10785 | D        | Noticed a nagaraja
 10788 | D        | Noticed a nagaraja
 10796 | D        | Killed a nagaraja
 10799 | D        | Received a gift from Trog
 10802 | D        | Noticed a nagaraja
 10804 | D        | Killed a nagaraja
 10813 | D        | Noticed a nagaraja
 10815 | D        | Killed a nagaraja
 10815 | D        | Received a gift from Trog
 10816 | D        | Reached skill level 5 in Shields
 10818 | D        | Noticed a nagaraja
 10820 | D        | Killed a nagaraja
 10825 | D        | Killed a nagaraja
 10827 | D        | Received a gift from Trog
 10833 | D        | Killed a nagaraja
 10853 | D        | Got a serpentine rune of Zot
 11233 | D        | Noticed Agnes
 11241 | D        | Killed Agnes
 11372 | D        | Received a gift from Trog
 11373 | D        | Reached skill level 27 in Maces & Flails
 11389 | D        | Reached skill level 15 in Dodging
 11395 | D        | Received a gift from Trog
 11412 | D        | Reached XP level 16. HP: 37/178 MP: 16/16
 11891 | D        | Identified the +5 flail of the Everdark {flame, Fragile
                  | rPois rC- SInv} (Trog gifted it to you in the Dungeon)
 11891 | D        | Received a gift from Trog
 11912 | D        | Received a gift from Trog
 12031 | D        | Noticed a tengu reaver
 12031 | D        | Noticed a shadow dragon
 12032 | D        | Noticed a sphinx
 12043 | D        | Killed a shadow dragon
 12045 | D        | Killed a tengu reaver
 12046 | D        | Reached skill level 10 in Shields
 12049 | D        | Received a gift from Trog
 12050 | D        | Noticed a shadow dragon
 12058 | D        | Killed a sphinx
 12068 | D        | Noticed a shadow dragon
 12076 | D        | Killed from afar by a frost giant

Illustrated notes

Levels and vault maps discovered:
D:        linesprint [early_d, line_temple, items_1, d_10, items_2, lair_1,
          lair_end, items_3, orc_1, orc_end, items_4, d_15, swamp_1, shoals_1,
          snake_1, spider_1, d_20, vaults_1, items_5, swamp_end, shoals_end,
          snake_end, spider_end, vaults_end, d_27, items_6, zot_1, zot_end,
          crypt_end, forest_end, elf_end, slime_end, tomb_end, abyss_end,
          pan_hell_end]

Skill      XL: |  1  2  3  4  5  6  7  8  9 10 11 12 13 14 15 16 |
---------------+-------------------------------------------------+-----
Fighting       | 4 6 8 9 10 12 13 14 16 20 23 26 27 | 27.0
Maces & Flails | 4 6 7 9 10 12 14 15 17 19 20 22 24 27 | 27.0
Armour         | 2 3 4 5 6 7 9 11 12 13 15 18 20 | 20.3
Dodging        | 2 3 4 5 6 7 8 9 10 11 13 15 16 | 16.0
Stealth        | 1 2 4 5 |  5.6
Evocations     | 3 4 |  4.7
Shields        | 8 10 | 10.6
Throwing       | 1 4 |  4.7

Action                   |  1- 3 |  4- 6 |  7- 9 | 10-12 | 13-15 | 16-18 || total
-------------------------+-------+-------+-------+-------+-------+-------++-------
Melee: Mace              |    25 |     8 |       |       |       |       ||    33
       Tailslap          |     3 |     1 |     9 |    41 |    90 |    13 ||   157
       Dire flail        |       |    11 |    34 |   227 |   407 |       ||   679
       Great mace        |       |       |       |       |    95 |    74 ||   169
Throw: Dart              |       |       |       |       |     2 |       ||     2
Invok: Berserk           |     1 |     1 |     3 |     9 |    16 |     2 ||    32
       Brothers in Arms  |       |       |     1 |     6 |     5 |     1 ||    13
       Trog's Hand       |       |       |       |       |     1 |       ||     1
 Abil: Rolling Charge    |       |       |       |     3 |    13 |       ||    16
Evoke: Wand              |       |       |       |     7 |     1 |       ||     8
  Use: Potion            |       |       |       |     3 |     8 |       ||    11
       Scroll            |       |       |       |     2 |     2 |       ||     4
 Stab: Distracted        |       |       |       |     1 |       |       ||     1
Armor: Animal skin       |     5 |     4 |       |       |       |       ||     9
       Ring mail         |       |       |     5 |    38 |       |       ||    43
       Swamp dragon scal |       |       |       |    16 |   107 |       ||   123
       Chain mail        |       |       |       |       |   174 |    13 ||   187
Dodge: Dodged            |    11 |     6 |     9 |    73 |   250 |    17 ||   366
Block: Other             |       |       |       |       |    44 |     8 ||    52

Table legend: (Time is in decaauts) A = Elapsed time spent in this place. B = Non-inter-level travel time spent in this place. C = Inter-level travel time spent in this place. D = Time resting spent in this place. E = Time spent auto-exploring this place. F = Levels seen in this place. G = Mean time per level. A B C D E F G +--------+--------+--------+--------+--------+-----+--------+ Total | 12009 | 12009 | 0 | 7589 | 1909 | 1 | 12009.0 | Dungeon | 12009 | 12009 | 0 | 7589 | 1909 | 1 | 12009.0 | +--------+--------+--------+--------+--------+-----+--------+

Top non-repeatable levels by time:
       D: 12009 daAuts
